 Dungeon Crawl Stone Soup version 0.27.1 (webtiles) character file.

Game seed: 3627265901945520797

608 nxtlvl the Cleaver (level 7, -3/57 HPs)
             Began as a Red Draconian Berserker on Aug 22, 2021.
             Was a Follower of Trog.
             Slain by a yak (8 damage)
             ... on level 7 of the Dungeon.
             The game lasted 00:05:16 (689 turns).

nxtlvl the Cleaver (Red Draconian Berserker)         Turns: 689, Time: 00:05:17

Health: -3/57      AC: 11    Str: 19    XL:     7   Next: 19%
Magic:  7/7        EV: 12    Int:  8    God:    Trog [*.....]
Gold:   36         SH:  0    Dex: 12    Spells: 6/6 levels left

rFire    + . .     SeeInvis .   a - +0 hand axe
rCold    . . .     Faith    .   (no shield)
rNeg     . . .     Spirit   .   (armour unavailable)
rPois    .         Reflect  .   (helmet restricted)
rElec    .         Harm     .   c - +0 cloak
rCorr    +         Rampage  .   (no gloves)
Will     .....                  (no boots)
Stlth    +.........             z - amulet of magic regeneration
HPRegen  0.19/turn              h - ring of resist corrosion
MPRegen  0.35/turn              k - +4 ring of protection

@: on berserk cooldown, slowed, very slow
A: breathe fire, AC +6, unfitting armour, fire resistance 1, cold-blooded
a: Breathe Fire, Renounce Religion, Berserk


You were on level 7 of the Dungeon.
You worshipped Trog.
Trog was aware of your devotion.
You visited 1 branch of the dungeon, and saw 7 of its levels.

You collected 36 gold pieces.

Inventory:

Hand Weapons
 a - a +0 hand axe (weapon)
Missiles
 j - 9 poisoned darts (quivered)
 l - 12 bolts
Armour
 c - a +0 cloak (worn)
Jewellery
 h - a ring of resist corrosion (left hand)
 k - a +4 ring of protection (right hand)
 z - an amulet of magic regeneration (around neck)
Scrolls
 b - 3 scrolls of identify {unknown}
 d - a scroll of summoning {unknown}
 e - 3 scrolls of teleportation {unknown}
 f - a scroll of fear {unknown}
 i - a scroll of brand weapon {unknown}
Potions
 g - a potion of degeneration {unknown}
 m - a potion of curing {unknown}


   Skills:
 - Level 3.2 Fighting
 * Level 8.4 Axes
 - Level 2.6 Dodging


You had 6 spell levels left.
You didn't know any spells.
Your spell library was empty.

Dungeon Overview and Level Annotations

Branches:
Dungeon (7/15)
 Temple: D:4-7

Altars:


Innate Abilities, Weirdness & Mutations

You can breathe blasts of fire.
Your fiery red scales are hard. (AC +6)
You cannot fit into any form of body armour.
Your flesh is heat resistant. (rF+)
You are cold-blooded and may be slowed by cold attacks.


Message History

The yak is moderately wounded.
The yak gores you!
You slash the yak! You tail-slap the yak.
The yak is severely wounded.
You hit the yak.
The yak is severely wounded.
The yak gores you!
You slash the yak! You tail-slap the yak.
You kill the yak!
Trog accepts your kill.
Your Axes skill increases to level 8!
You have reached level 7!
Your scales start taking on a fiery red colour.
You learn Fire Magic much quicker.
You learn Ice Magic much slower.
You can breathe blasts of fire.
You feel resistant to heat.
You hit the yak.
The yak is lightly wounded.
The yak gores you!
You barely miss the yak.
Your tail-slap misses the yak.
The yak is lightly wounded.
You are no longer berserk.
You are exhausted.
You feel yourself slow down.
You hit the yak.
The yak is moderately wounded.
The yak gores you!
* * * LOW HITPOINT WARNING * * *
The yak gores you but does no damage.
You hit the yak but do no damage.
The yak is moderately wounded.
The yak gores you!
* * * LOW HITPOINT WARNING * * *
You hit the yak but do no damage.
The yak is moderately wounded.
The yak gores you but does no damage.
You closely miss the yak.
The yak is moderately wounded.
The yak gores you but does no damage. The yak gores you!
You die...

###
#..
#.#
#.#
#@#
#Y###
#...#
###.#
.# .#
.# Y#
.#


You could see a yak.

Vanquished Creatures
  3 yaks (D:7)
  2 scorpions
  An iguana (D:6)
  An ufetubus (D:4)
  8 orcs
  2 endoplasms
  A giant cockroach (D:2)
  A hobgoblin (D:2)
  A jackal (D:2)
  2 kobolds
  2 quokkas (D:4)
  A bat (D:2)
  A goblin (D:2)
26 creatures vanquished.

Notes
Turn   | Place    | Note
-------+----------+-------------------------------------------
     0 | D:1      | nxtlvl the Draconian Berserker began the quest for the Orb.
     0 | D:1      | Reached XP level 1. HP: 19/19 MP: 1/1
   127 | D:3      | Reached XP level 2. HP: 26/26 MP: 2/2
   304 | D:4      | Reached skill level 4 in Axes
   317 | D:5      | Entered Level 5 of the Dungeon
   322 | D:4      | Noticed a scorpion
   335 | D:4      | Killed a scorpion
   336 | D:4      | Reached skill level 5 in Axes
   336 | D:4      | Reached XP level 3. HP: 24/31 MP: 3/3
   336 | D:4      | Reached XP level 4. HP: 30/38 MP: 4/4
   555 | D:6      | Noticed a scorpion
   567 | D:6      | Killed a scorpion
   568 | D:6      | Reached skill level 6 in Axes
   568 | D:6      | Reached XP level 5. HP: 45/45 MP: 5/5
   658 | D:7      | Noticed a yak
   658 | D:7      | Noticed a yak
   658 | D:7      | Noticed a yak
   658 | D:7      | Noticed a yak
   670 | D:7      | Killed a yak
   671 | D:7      | Reached skill level 7 in Axes
   671 | D:7      | Reached XP level 6. HP: 51/51 MP: 6/6
   674 | D:7      | Killed a yak
   683 | D:7      | Killed a yak
   684 | D:7      | Reached skill level 8 in Axes
   684 | D:7      | Your scales start taking on a fiery red colour.
   684 | D:7      | Reached XP level 7. HP: 47/57 MP: 7/7
   684 | D:7      | Gained mutation: Your flesh is heat resistant. (rF+) [Red
                  | Draconian growth]
   689 | D:7      | Slain by a yak

Illustrated notes

Levels and vault maps discovered:
D:1:      minmay_arrival_three_doors, layout_loops_cross, minivault_19
D:2:      layout_basic
D:3:      layout_basic, nicolae_vehumet_radiance, uniq_natasha, uniq_robin,
          uniq_jessica
D:4:      layout_loops_corners
D:5:      layout_loops_corners, minmay_temple_entry_nine_rooms
D:6:      layout_gridville
D:7:      layout_loops_ring, serial_shops, shop, kennysheep_mini,
          amcnicky_mini_pool_medium

Skill      XL: |  1  2  3  4  5  6 |
---------------+-------------------+-----
Axes           | 5 6 7 8 |  8.4
Fighting       | |  3.2
Dodging        | |  2.6

Action                   |  1- 3 |  4- 6 |  7- 9 || total
-------------------------+-------+-------+-------++-------
Melee: Hand axe          |    60 |    36 |     6 ||   102
       Tailslap          |     3 |     6 |       ||     9
Invok: Berserk           |     2 |     4 |       ||     6
Armor: Skin              |    22 |     5 |     3 ||    30
Dodge: Dodged            |    45 |    10 |       ||    55
